Map: 亚历山大港 - 天梯版

Players

Reynor - Winner!

  • Race: Zerg Zerg

Ryu

  • Race: Zerg Zerg

Event: WESG 2018 Grand Finals

VOD

Have the link to the VOD?

Description

Time

  • Played on: March 12, 2019, 4:24 a.m.
  • Length: 8:52

All games in this series

Show
View Real Time Build Order
Export as new Build Order

Reynor Zerg - Winner!

Build Orders: Hatch First 

Get SALT Encoding   

  12  0:00  Drone  
  13  0:12  Overlord  
  13  0:18  Drone  
  14  0:31  Drone x2  
  16  0:49  Hatchery  
  15  0:52  Drone  
  15  0:56  Drone  
  17  0:59  Drone  
  18  1:10  Extractor  
  17  1:16  Spawning Pool  
  16  1:19  Drone  
  16  1:22  Drone  
  18  1:28  Drone  
  19  1:39  Drone  
  20  1:53  Overlord  
  20  2:03  Queen, Zergling x4  
  20  2:04  Queen  
  26  2:11  Drone  
  26  2:12  Drone  
  28  2:22  Drone  
  29  2:24  Drone  
  30  2:33  Drone  
  30  2:35  Drone  
  32  2:42  Lair  
  32  2:47  Queen  
  32  2:48  Evolution Chamber  
  32  2:49  Overlord  
  33  2:51  Drone  
  33  2:54  Drone  
  35  2:58  Drone  
  35  3:05  Roach Warren  
  35  3:07  Drone  
  35  3:10  Drone  
  36  3:16  Zerg Missile Weapons Level 1  
  36  3:19  Drone  
  37  3:20  Extractor  
  37  3:21  Drone  
  37  3:22  Extractor  
  37  3:23  Drone  
  36  3:30  Drone x2  
  36  3:34  Drone x2  
  40  3:35  Drone  
  40  3:39  Drone  
  42  3:45  Glial Reconstitution  
  42  3:47  Overlord  
  42  3:58  Evolution Chamber  
  42  4:01  Drone x3  
  44  4:06  Drone x2  
  44  4:07  Roach x2  
  50  4:12  Overlord  
  51  4:19  Drone  
  52  4:25  Overlord  
  52  4:32  Drone  
  52  4:33  Roach x3  
  59  4:43  Hatchery  
  59  4:44  Roach x3  
  64  4:56  Overlord  
  64  4:57  Roach x2  
  68  5:08  Overlord  
  68  5:10  Zerg Ground Armor Level 1  
  68  5:14  Overseer  
  68  5:17  Drone x4  
  68  5:19  Roach x2, Extractor  
  75  5:27  Roach x2  
  81  5:28  Roach x2  
  81  5:31  Overlord  
  83  5:36  Drone  
  83  5:38  Overlord  
  84  5:47  Overlord  
  84  5:50  Overlord x2  
  84  5:52  Roach  
  84  5:55  Roach  
  90  5:57  Roach, Ravager  
  90  5:58  Ravager  
  90  6:03  Roach  
  94  6:06  Drone x5  
  94  6:07  Roach  
  94  6:09  Roach  
  94  6:10  Roach  
  105  6:16  Roach  
  105  6:18  Roach x2  
  111  6:23  Ravager x2  
  113  6:27  Roach  
  113  6:29  Roach x3  
  113  6:31  Roach  
  125  6:32  Roach  
  125  6:35  Overlord, Ravager  
  126  6:40  Roach x2  
  126  6:44  Overlord  
  130  6:50  Overlord  
  130  6:55  Roach x2  
  130  6:56  Roach x2  
  130  7:00  Overlord  
  138  7:03  Roach x3  
  144  7:10  Roach x3  
  144  7:11  Roach  
  148  7:18  Roach  
  148  7:19  Roach x3  
  148  7:22  Roach  
  138  7:25  Roach x2  
  138  7:28  Roach  
  130  7:30  Roach  
  130  7:31  Roach  
  130  7:34  Roach  
  123  7:37  Roach  
  123  7:42  Roach x3  
  120  7:45  Roach  
  120  7:49  Roach x2  
  122  7:52  Roach  
  122  7:53  Roach x2  
  120  7:59  Roach x2  
  120  8:03  Roach x2  
  120  8:05  Roach  
  120  8:08  Roach x2  
  120  8:11  Roach  
  120  8:15  Roach x2  
  116  8:21  Roach x3  
  116  8:24  Roach  
  120  8:28  Roach x2  
  120  8:31  Roach  
  120  8:34  Ravager  
  125  8:36  Ravager  
Show
View Real Time Build Order
Export as new Build Order

Ryu Zerg 

Build Orders: Hatch First 

Get SALT Encoding   

  12  0:00  Drone  
  13  0:13  Overlord  
  13  0:18  Drone  
  14  0:31  Drone x2  
  14  0:35  Drone  
  17  0:52  Hatchery  
  17  0:56  Drone  
  17  1:01  Extractor  
  17  1:02  Drone  
  17  1:15  Spawning Pool  
  17  1:18  Drone  
  17  1:22  Drone  
  18  1:28  Drone  
  19  1:44  Drone  
  20  2:03  Zergling x4  
  20  2:04  Queen x2  
  20  2:05  Metabolic Boost  
  26  2:09  Drone  
  26  2:14  Overlord  
  27  2:16  Drone  
  28  2:33  Zergling x4  
  28  2:35  Drone  
  28  2:36  Drone  
  32  2:44  Hatchery  
  32  2:49  Drone  
  32  2:53  Queen  
  33  3:00  Overlord  
  33  3:02  Drone  
  33  3:14  Drone  
  33  3:15  Overlord  
  33  3:19  Roach Warren  
  33  3:20  Drone x2  
  33  3:24  Drone  
  36  3:29  Drone  
  36  3:32  Drone x2  
  36  3:33  Drone  
  40  3:37  Drone x2  
  42  3:43  Evolution Chamber  
  42  3:47  Drone x3  
  44  3:53  Drone x2  
  46  3:56  Drone x2  
  46  4:02  Extractor  
  47  4:03  Overlord, Extractor  
  47  4:06  Drone  
  47  4:07  Drone x2  
  49  4:10  Drone  
  49  4:11  Zerg Missile Weapons Level 1  
  50  4:18  Overlord  
  54  4:24  Roach x4  
  54  4:27  Roach  
  54  4:29  Roach  
  62  4:34  Roach  
  62  4:36  Overlord  
  62  4:37  Overlord  
  64  4:45  Lair  
  64  4:48  Drone x2  
  66  4:55  Overlord  
  66  5:00  Drone x2  
  66  5:03  Drone  
  66  5:04  Overlord  
  66  5:06  Roach x3  
  74  5:12  Drone x2  
  76  5:15  Roach  
  76  5:16  Roach x2  
  76  5:20  Drone  
  83  5:21  Evolution Chamber  
  83  5:24  Roach x2  
  83  5:28  Roach x2  
  90  5:32  Drone x2  
  92  5:35  Overlord  
  92  5:37  Drone  
  92  5:39  Drone  
  92  5:40  Drone  
  92  5:41  Overlord  
  95  5:44  Overseer  
  95  5:46  Glial Reconstitution  
  95  5:49  Drone x2  
  97  5:52  Zerg Ground Armor Level 1  
  97  5:53  Extractor  
  97  5:56  Drone x3  
  99  6:02  Extractor  
  99  6:03  Extractor  
  97  6:05  Drone  
  97  6:06  Drone x5  
  97  6:10  Overlord  
  97  6:11  Overlord  
  103  6:15  Overlord  
  103  6:18  Zerg Missile Weapons Level 2  
  103  6:21  Roach x2  
  103  6:23  Overlord  
  107  6:26  Overlord  
  107  6:31  Roach x2  
  107  6:32  Roach  
  113  6:37  Roach x3  
  119  6:40  Overlord  
  119  6:42  Roach  
  119  6:45  Roach x2  
  125  6:50  Roach x2  
  125  6:52  Ravager  
  129  6:55  Roach  
  129  6:56  Roach x2  
  129  7:00  Roach x2  
  139  7:03  Roach  
  139  7:04  Roach x2  
  139  7:07  Overlord  
  145  7:15  Roach x2  
  145  7:18  Roach x4  
  133  7:23  Roach x2  
  117  7:32  Roach x5  
  117  7:35  Roach  
  115  7:38  Roach x3  
  115  7:41  Roach x2  
  113  7:45  Roach  
  109  7:53  Roach x3  
  109  7:54  Queen  
  105  8:00  Roach  
  105  8:02  Roach x2  
  105  8:03  Roach  
  107  8:06  Roach x3  
  107  8:10  Roach  
  109  8:17  Roach x5  
  111  8:26  Roach x2  
Tags
 
Add a new tag
Caveats
  • Supply blocks, unpowered buildings, or Contaminate may cause inaccurate times.
  • Supply counts are checked every 10 seconds.